 Dungeon Sprint DCSS version 0.19.1 (webtiles) character file.

42 equalderp2856 the Scratcher (level 3, -18/19 HPs)
             Began as a Felid Fighter on Dec 1, 2016.
             Killed from afar by Josephine (22 damage)
             ... with a ghostly fireball
             ... in the Dungeon (Sprint IX: "|||||||||||||||||||||||||||||").
             The game lasted 00:00:44 (211 turns).

equalderp2856 the Scratcher (Felid Fighter)          Turns: 211, Time: 00:00:45

Health: -18/19     AC:  1    Str: 13    XL:     3   Next: 33%
Magic:  4/4        EV: 20    Int:  9    God:
Gold:   0          SH:  0    Dex: 15    Spells: 0 memorised, 2 levels left
                                        Lives:  0   Deaths: 1

rFire  . . .     SeeInvis +       - Unarmed
rCold  . . .     Gourm    .     (armour unavailable)
rNeg   . . .     Faith    .     (shield unavailable)
rPois  .         Spirit   .     (helmet unavailable)
rElec  .         Reflect  .     (cloak unavailable)
rCorr  .         Harm     .     (gloves unavailable)
MR     .....     NoTele   +     (boots unavailable)
Stlth  ++........               (no amulet)
                                (no ring)
                                (no ring)

@: slowed, drained, slow
A: no armour, no weapons or thrown items, stealth, claws 1, fangs 3, see
invisible, carnivore 3, speed 1, shaggy fur 1, slow metabolism 1, sharp paws
a: no special abilities


You were in the Dungeon.
You were not hungry.

You visited 1 branch

Inventory:

Scrolls
 h - a scroll of blinking
Potions
 a - a potion of might
 c - a potion of curing
 e - a potion of haste
 f - 2 potions of magic
 g - a potion of berserk rage
Comestibles
 b - a meat ration


   Skills:
 + Level 5.3(4.7) Fighting
 + Level 6.1(5.5) Dodging
 + Level 0.4(0.0) Stealth
 + Level 7.6(7.0) Unarmed Combat


You had 2 spell levels left.
You didn't know any spells.

Dungeon Overview and Level Annotations

Branches:
Dungeon (1/1)

Altars:

Annotations:
D Erica, Josephine


Innate Abilities, Weirdness & Mutations

You cannot wear armour.
You are incapable of wielding weapons or throwing items.
Your paws allow you to move quietly. (Stealth)
You have sharp claws.
You have razor-sharp teeth.
You have supernaturally acute eyesight. (SInv)
You are carnivorous and can eat meat at any time.
You cover ground quickly.
You are covered in fur. (AC +1)
You have a slow metabolism.
Your sharp claws are effective at attacking unaware monsters.


Message History

You claw Erica!
Erica is heavily wounded.
Erica barely misses you.
You completely miss Erica.
Erica is heavily wounded.
You scratch Josephine but do no damage. You scratch Josephine.
Your claw misses Josephine.
Josephine is lightly wounded.
Josephine hits you with a dagger.
You claw Josephine!
Josephine is lightly wounded.
Josephine hits you with a dagger.
* * * LOW HITPOINT WARNING * * *
Josephine barely misses you.
You closely miss Josephine. You bite Josephine.
Josephine is moderately wounded.
Josephine casts a spell at you.
The ghostly flame explodes!
The ghostly fireball engulfs you!
You feel drained.
Ouch! That really hurt!
You die... ▓▓▓▓▓▓▓▓▓▓▓▓▓▓▓▓▓▓▓▓▓▓▓▓ ................@@@WWW.. ▓▓▓▓▓▓▓▓▓▓▓▓▓▓▓▓▓▓▓▓▓▓▓▓

You could see Josephine, Erica (invisible) and 3 wraiths.

Vanquished Creatures
  A scorpion (D)
  A jelly (D)
  A shadow imp (D)
  An orc (D)
  A ball python (D)
  2 bats (D)
  A giant cockroach (D)
  A rat (D)
9 creatures vanquished.

Vanquished Creatures (others)
  A spatial maelstrom (D)
1 creature vanquished.

Grand Total: 10 creatures vanquished

Notes
Turn   | Place    | Note
-------+----------+-------------------------------------------
     0 | D        | equalderp2856 the Felid Fighter began the quest for the Orb.
     0 | D        | Reached XP level 1. HP: 10/10 MP: 2/2
    16 | D        | Banished a spatial maelstrom
   116 | D        | Noticed a scorpion
   116 | D        | Noticed a jelly
   116 | D        | Noticed an ogre
   120 | D        | Killed a scorpion
   120 | D        | Reached skill level 5 in Dodging
   120 | D        | Reached skill level 6 in Unarmed Combat
   120 | D        | Reached XP level 2. HP: 15/15 MP: 3/3
   120 | D        | Reached XP level 3. HP: 19/19 MP: 4/4
   125 | D        | Reached skill level 5 in Fighting
   132 | D        | Reached skill level 7 in Unarmed Combat
   132 | D        | Reached XP level 4. HP: 5/23 MP: 5/5
   139 | D        | Slain by an ogre
   140 | D        | Reached XP level 3. HP: 0/19 MP: 4/4
   197 | D        | Noticed Erica
   198 | D        | Noticed a wraith
   199 | D        | Noticed a wraith
   200 | D        | Noticed Josephine
   203 | D        | Noticed a wraith
   211 | D        | Killed from afar by Josephine

Skill      XL: |  1  2  3 |
---------------+----------+-----
Fighting       | 4 5 |  5.3
Dodging        | 5 6 |  6.1
Unarmed Combat | 6 7 |  7.6
Stealth        | |  0.4

Action                   |  1- 3 |  4- 6 || total
-------------------------+-------+-------++-------
Melee: Unarmed           |    39 |     1 ||    40
       Bite              |     3 |       ||     3
  Use: Potion            |       |     1 ||     1
  Eat: Chunk             |     2 |       ||     2
Armor: Skin              |     1 |       ||     1
Dodge: Dodged            |    24 |       ||    24
